 Dungeon Crawl Stone Soup version 0.30.1-4-g462c640d31 (webtiles) character file.

Game seed: 5933332233902753683

40 Bobit the Chopper (level 3, -4/31 HPs)
             Began as a Gnoll Reaver on Aug 14, 2023.
             Slain by a hobgoblin (5 damage)
             ... led by Robin
             ... on level 2 of the Dungeon.
             The game lasted 00:01:12 (1260 turns).

Bobit the Chopper (Gnoll Reaver)                    Turns: 1260, Time: 00:01:12

Health: -4/31      AC:  3    Str: 13    XL:     3   Next: 50%
Magic:  9/9        EV: 12    Int: 12    God:
Gold:   18         SH:  0    Dex: 10    Spells: 11/12 levels left

rFire   . . .        a - +0 hand axe
rCold   . . .        (no shield)
rNeg    . . .        b - +0 leather armour
rPois   .            (no helmet)
rElec   .            (no cloak)
rCorr   .            (no gloves)
SInv    .            (no boots)
Will    .....        (no amulet)
Stlth   +            (no ring)
HPRegen 0.25/turn    (no ring)
MPRegen 0.11/turn

%: no passive effects
@: flying
A: fangs 1, strong nose, distributed training
a: no special abilities


You were on level 2 of the Dungeon.
You visited 1 branch of the dungeon, and saw 2 of its levels.

You collected 18 gold pieces.

Inventory:

Hand Weapons
 a - a +0 hand axe (weapon)
Armour
 b - a +0 leather armour (worn)
Jewellery
 c - a ring of ice
Scrolls
 d - a scroll of immolation {unknown}
 l - 4 scrolls of blinking {unknown}
 m - a scroll of amnesia {unknown}
Potions
 e - a potion of mutation {unknown}
 f - a potion of attraction {unknown}
 g - a potion of resistance {unknown}
 h - a potion of flight
 i - a potion of degeneration {unknown}
 j - a potion of curing {unknown}
 k - a potion of invisibility {unknown}


   Skills:
 + Level 4.5 Fighting
 + Level 0.9 Short Blades
 + Level 0.9 Long Blades
 + Level 6.5 Axes
 + Level 0.9 Maces & Flails
 + Level 0.9 Polearms
 + Level 0.9 Staves
 + Level 0.9 Ranged Weapons
 + Level 0.9 Throwing
 + Level 0.9 Armour
 + Level 4.5 Dodging
 + Level 0.9 Stealth
 + Level 0.9 Shields
 + Level 0.9 Unarmed Combat
 + Level 5.0 Spellcasting
 + Level 5.4 Conjurations
 + Level 0.6 Hexes
 + Level 0.6 Summonings
 + Level 0.6 Necromancy
 + Level 0.6 Translocations
 + Level 0.6 Transmutations
 + Level 0.6 Fire Magic
 + Level 0.6 Ice Magic
 + Level 0.6 Air Magic
 + Level 0.6 Earth Magic
 + Level 0.6 Poison Magic
 + Level 1.0 Invocations
 + Level 0.9 Evocations


You had 11 spell levels left.
You knew the following spells:

 Your Spells              Type           Power      Damage    Failure   Level
a - Kiss of Death         Conj/Necr      40%        2d8       8%          1

Your spell library contained the following spells:

 Spells                   Type           Power      Damage    Failure   Level
 Momentum Strike          Conj/Tloc      20%        3d8       11%         2
 Hailstorm                Conj/Ice       10%        3d5       22%         3


Dungeon Overview and Level Annotations

Branches:
Dungeon (2/15)

Altars:

Annotations:
D:2 Robin


Innate Abilities, Weirdness & Mutations

You have very sharp teeth.
Your uncanny sense of smell can sniff out nearby items.
Your experience applies equally to all skills.


Message History

You hear a grinding noise.
You hit the goblin.
The goblin is severely wounded.
The goblin hits you with a +0 club.
You closely miss the goblin.
The goblin is severely wounded.
The goblin misses you. Robin throws the goblin at you!
You hit the goblin.
You kill the goblin!
You hit the goblin. The goblin closely misses you.
You closely miss the hobgoblin. You barely miss the goblin.
The hobgoblin hits you. The goblin closely misses you.
Robin roars a battlecry!
The goblins go into a battle-frenzy!
You barely miss the hobgoblin. You hit the goblin.
You kill the goblin!
The hobgoblin hits you.
You closely miss the hobgoblin.
Robin says, "Bow before me, strongest of all the hobgoblins!"
Robin throws the goblin at you! The goblin hits you with a +4 dagger!
* * * LOW HITPOINT WARNING * * *
The hobgoblin hits you.
* * * LOW HITPOINT WARNING * * *
Unknown command.
The hobgoblin attacks as you move away! The hobgoblin misses you.
Things that are here:
a +4 dagger of flaming; a +0 club; 6 gold pieces The hobgoblin attacks as you move away!
The hobgoblin hits you but does no damage.
You hit the hobgoblin.
The hobgoblin is almost dead.
You hit the goblin.
You kill the goblin!
The hobgoblin hits you.
* * * LOW HITPOINT WARNING * * *
It was a potion of flight.
You feel very buoyant.
You fly up into the air.
Robin zaps a wand.
Some rock shatters into small pieces.
The hobgoblin hits you.
You die...

∆ ## #.# ##
#.## ..## ##
###)##....##
#.##$...g......
#.#(gg.#g..###
#..@.# .##
##..## #
#.####..####.#
#............#
####.#..######
.##..# ## ...#
##..# #...#


You could see Robin and 2 hobgoblins.

Vanquished Creatures
  A dart slug (D:2)
  A ball python (D:1)
  An endoplasm (D:1)
  12 goblins
  5 hobgoblins
  A quokka (D:2)
  2 bats
  3 frilled lizards (D:1)
  5 kobolds (D:1)
  2 rats (D:1)
33 creatures vanquished.

Notes
Turn   | Place    | Note
-------+----------+-------------------------------------------
     0 | D:1      | Bobit the Gnoll Reaver began the quest for the Orb.
     0 | D:1      | Reached XP level 1. HP: 20/20 MP: 6/6
   239 | D:1      | Reached XP level 2. HP: 23/26 MP: 7/7
  1067 | D:2      | Reached skill level 5 in Spellcasting
  1067 | D:2      | Reached XP level 3. HP: 17/31 MP: 7/9
  1242 | D:2      | Noticed Robin
  1247 | D:2      | Reached skill level 1 in Invocations
  1259 | D:2      | HP: 1/31 [hobgoblin[Robin] (5)]
  1260 | D:2      | Slain by a hobgoblin

Illustrated notes

Levels and vault maps discovered:
D:1:      lemuel_arrival_behind_the_door_large, layout_loops_corners
D:2:      layout_loops_ring, chequers_ecumenical_altar_simple, uniq_robin

Skill      XL: |  1  2  3 |
---------------+----------+-----
Spellcasting   | 5 |  5.0
Invocations    | 1 |  1.0
Fighting       | |  4.5
Short Blades   | |  0.9
Long Blades    | |  0.9
Axes           | |  6.5
Maces & Flails | |  0.9
Polearms       | |  0.9
Staves         | |  0.9
Ranged Weapons | |  0.9
Throwing       | |  0.9
Armour         | |  0.9
Dodging        | |  4.5
Stealth        | |  0.9
Shields        | |  0.9
Unarmed Combat | |  0.9
Conjurations   | |  5.4
Hexes          | |  0.6
Summonings     | |  0.6
Necromancy     | |  0.6
Translocations | |  0.6
Transmutations | |  0.6
Fire Magic     | |  0.6
Ice Magic      | |  0.6
Air Magic      | |  0.6
Earth Magic    | |  0.6
Poison Magic   | |  0.6
Evocations     | |  0.9

Action                     || total
---------------------------++-------
  Melee: Hand axe          ||   108
         Bite              ||     6
    Use: Potion            ||     1
 Armour: Leather armour    ||    18
  Dodge: Dodged            ||    70
